 Dungeon Crawl Stone Soup version 0.30-a0-279-g4b46babb21 (webtiles) character file.

Game seed: 9220751114472504962

158 purpskrrrp the Shooter (level 5, -2/38 HPs)
             Began as a Formicid Hunter on Oct 16, 2022.
             Was a High Priest of Ignis.
             Slain by a gnoll
             ... wielding a +0 halberd
              (11 damage)
             ... on level 3 of the Dungeon.
             The game lasted 00:03:04 (1992 turns).

purpskrrrp the Shooter (Formicid Hunter)            Turns: 1992, Time: 00:03:04

Health: -2/38      AC:  3    Str: 16    XL:     5   Next: 67%
Magic:  5/5        EV: 12    Int:  8    God:    Ignis [*****.]
Gold:   153        SH:  0    Dex: 19    Spells: 4/4 levels left

rFire   + + .      SeeInvis +    a - +0 shortbow
rCold   . . .      Faith    .    (no shield)
rNeg    . . .      Spirit   .    c - +0 leather armour
rPois   .          Reflect  .    (helmet unavailable)
rElec   .          Harm     .    (no cloak)
rCorr   .          Rampage  .    (no gloves)
Will    .....                    (no boots)
Stlth   ++........               (no amulet)
HPRegen 0.26/turn                d - ring of protection from fire
MPRegen 0.09/turn                (no ring)

@: no status effects
A: permanent stasis, dig shafts and tunnels, antennae 3, four strong arms
a: Dig, Shaft Self, Renounce Religion, Fiery Armour, Foxfire Swarm, Rising Flame


You were on level 3 of the Dungeon.
You worshipped Ignis.
Ignis was extremely pleased with you.
You visited 1 branch of the dungeon, and saw 3 of its levels.

You collected 153 gold pieces.

Inventory:

Hand Weapons
 a - a +0 shortbow (weapon)
Armour
 c - a +0 leather armour (worn)
Jewellery
 d - a ring of protection from fire (left hand)
 k - an amulet of regeneration
 r - a ring of flight
Scrolls
 b - a scroll of immolation
 j - a scroll of amnesia {unknown}
 l - a scroll of poison {unknown}
 n - a scroll of vulnerability {unknown}
 p - 2 scrolls of identify {unknown}
 q - a scroll of summoning {unknown}
Potions
 e - a potion of lignification {unknown}
 f - 4 potions of curing {unknown}
 g - a potion of heal wounds {unknown}
 h - a potion of degeneration {unknown}
 i - a potion of brilliance {unknown}
 m - a potion of haste {unknown}
 o - a potion of attraction {unknown}


   Skills:
 - Level 2.1 Fighting
 + Level 6.5 Ranged Weapons
 - Level 1.7 Dodging
 - Level 1.2 Stealth


You had 4 spell levels left.
You didn't know any spells.
Your spell library contained the following spells:

 Spells                   Type           Power      Damage    Failure   Level
 Sting                    Tmut/Pois      0%         1d3       47%         1
 Poisonous Vapours        Pois/Air       0%         N/A       63%         2
 Olgreb's Toxic Radiance  Pois           0%         N/A       99%         4


Dungeon Overview and Level Annotations

Branches:
Dungeon (3/15)

Altars:
Cheibriados
Ru
Ignis

Shops:
D:2 (


Innate Abilities, Weirdness & Mutations

You cannot be hasted, slowed, berserked, paralysed or teleported.
You can dig through walls and to a lower floor.
You have a pair of large antennae on your head. (SInv)
Your four strong arms can wield two-handed weapons with a shield.


Message History

You are too injured to fight recklessly!
You are too injured to fight recklessly!
You are too injured to fight recklessly!
You are too injured to fight recklessly!
You are too injured to fight recklessly!
You are too injured to fight recklessly!
You are too injured to fight recklessly!
You are too injured to fight recklessly!
You are too injured to fight recklessly!
You are too injured to fight recklessly!
You are too injured to fight recklessly!
Non-targeted abil: Dig
Press: ? - help, Q - select action, (/) - cycle Dir - look around, f - activate Look: a gnoll, wielding a +0 flail You extend your mandibles.
Unknown command.
Fire: a) +0 shortbow
Press: ? - help, Shift-Dir - straight line, f/p - gnoll
Aim: a gnoll, wielding a +0 flail (69% to hit)
You shoot an arrow. The arrow barely misses the gnoll.
The arrow closely misses the gnoll.
The gnoll hits you with a +0 flail.
* * * LOW HITPOINT WARNING * * *
The gnoll hits you from afar with a +0 halberd.
* * * LOW HITPOINT WARNING * * *
Okay, then.
Non-targeted abil: Dig
Press: ? - help, Q - select action, (/) - cycle Dir - look around, f - activate Look: a gnoll, wielding a +0 flail You retract your mandibles.
Unknown command.
Unknown command.
Unknown command.
Fire: a) +0 shortbow
Press: ? - help, Shift-Dir - straight line, f/p - gnoll
Aim: a gnoll, wielding a +0 flail (69% to hit)
You shoot an arrow. The arrow hits the gnoll!
The gnoll is severely wounded.
The gnoll misses you.
The gnoll hits you from afar with a +0 halberd!
You die...

######### #g...g...
############## #g#
.............# #g#
############.# #@#
########.###.#
<............#
.#####.#.##### { #.#.#
#######
#.#.###########.÷...####
#.>.>...........#..(...#
##########..)...#.####..
#####.##...†###


You could see 3 gnolls.

Vanquished Creatures
  Jessica (D:2)
  5 gnolls (D:3)
  4 adders
  A worm (D:3)
  An orc (D:3)
  5 ball pythons
  5 endoplasms
  4 giant cockroaches
  3 goblins
  2 hobgoblins
  3 quokkas
  5 bats
  2 frilled lizards
  5 kobolds
  2 rats (D:1)
48 creatures vanquished.

Notes
Turn   | Place    | Note
-------+----------+-------------------------------------------
     0 | D:1      | purpskrrrp the Formicid Hunter began the quest for the Orb.
     0 | D:1      | Reached XP level 1. HP: 16/16 MP: 1/1
   296 | D:1      | Reached XP level 2. HP: 22/22 MP: 2/2
   703 | D:2      | Found a faded altar of an unknown god.
   709 | D:2      | Prayed at the altar of an unknown god.
   709 | D:2      | Became a worshipper of Ignis, the Dying Flame
   905 | D:2      | Found Hogawkap's Weapon Boutique.
   916 | D:2      | Reached XP level 3. HP: 27/27 MP: 3/3
   987 | D:2      | Found a sacrificial altar of Ru.
  1066 | D:2      | Reached skill level 5 in Ranged Weapons
  1143 | D:2      | Noticed Jessica
  1144 | D:2      | Killed Jessica
  1145 | D:2      | Reached XP level 4. HP: 33/33 MP: 4/4
  1535 | D:3      | Reached skill level 6 in Ranged Weapons
  1535 | D:3      | Reached XP level 5. HP: 33/38 MP: 5/5
  1804 | D:3      | Found a snail-covered altar of Cheibriados.
  1992 | D:3      | Slain by a gnoll

Illustrated notes

Levels and vault maps discovered:
D:1:      amcnicky_arrival_feature_with_door, layout_loops_ring,
          minmay_crystal_water
D:2:      layout_loops_ring, basic_altar, nicolae_ecumenical_pavilion,
          serial_shops, nicolae_shop_behind_doors, uniq_jessica
D:3:      minmay_evil_eye, layout_loops_ring, cheibriados_altar_1

Skill      XL: |  1  2  3  4 |
---------------+-------------+-----
Ranged Weapons | 5 6 |  6.5
Fighting       | |  2.1
Dodging        | |  1.7
Stealth        | |  1.2

Action                   |  1- 3 |  4- 6 || total
-------------------------+-------+-------++-------
 Fire: Shortbow          |    77 |    73 ||   150
 Abil: Dig               |       |     2 ||     2
  Use: Scroll            |     2 |       ||     2
Armor: Leather armour    |    11 |     2 ||    13
Dodge: Dodged            |    26 |    22 ||    48

Table legend: (Time is in decaauts)
 A = Elapsed time spent in this place.
 B = Non-inter-level travel time spent in this place.
 C = Inter-level travel time spent in this place.
 D = Time resting spent in this place.
 E = Time spent auto-exploring this place.
 F = Levels seen in this place.
 G = Mean time per level.
                   A        B        C        D        E       F      G
               +--------+--------+--------+--------+--------+-----+--------+
         Total |   2033 |   1975 |     58 |      0 |   1654 |   3 |  677.7 |
       Dungeon |   2033 |   1975 |     58 |      0 |   1654 |   3 |  677.7 |
               +--------+--------+--------+--------+--------+-----+--------+

Top non-repeatable levels by time:
     D:2: 728 daAuts
     D:1: 719 daAuts
     D:3: 585 daAuts
